 Dungeon Crawl Stone Soup version 0.23-a0-642-g3120c2f (webtiles) character file.

2 MisterFreud the Chiller (level 1, -5/11 HPs)
             Began as an Octopode Ice Elementalist on Dec 30, 2018.
             Slain by a gnoll
             ... wielding a +0 halberd
              (15 damage)
             ... on level 1 of the Dungeon.
             The game lasted 00:00:41 (120 turns).

MisterFreud the Chiller (Octopode Ice Elementalist)  Turns: 120, Time: 00:00:42

Health: -5/11      AC:  1    Str:  7    XL:     1   Next: 40%
Magic:  3/3        EV: 13    Int: 17    God:
Gold:   13         SH:  0    Dex: 12    Spells: 3/4 levels left

rFire    . . .     SeeInvis .   (no weapon)
rCold    . . .     Gourm    .   (no shield)
rNeg     . . .     Faith    .   (helmet restricted)
rPois    .         Spirit   .   (no amulet)
rElec    .         Reflect  .   (no ring)
rCorr    .         Harm     .   (no ring)
MR       .....                  (no ring)
Stlth    +++.......             (no ring)
HPRegen  0.03/turn              (no ring)
MPRegen  0.08/turn              (no ring)
                                (no ring)
                                (no ring)

@: no status effects
A: almost no armour, stealthy swim, amphibious, 8 rings, constrict 8, camouflage
1, gelatinous body 1
a: no special abilities


You were on level 1 of the Dungeon.
You were not hungry.

You visited 1 branch of the dungeon, and saw 1 of its levels.

You collected 13 gold pieces.

Inventory:

Missiles
 c - 15 sling bullets
 e - 19 stones (quivered)
 f - 7 needles of sleeping
Scrolls
 a - a scroll of identify {unknown}
Comestibles
 b - a ration
 d - a chunk of flesh


   Skills:
 - Level 2.0 Dodging
 - Level 2.6 Stealth
 - Level 2.0 Spellcasting
   Level 1.0 Conjurations
 + Level 3.2 Ice Magic


You had 3 spell levels left.
You knew the following spells:

 Your Spells              Type           Power        Failure   Level  Hunger
a - Freeze                Ice            ##..         5%          1    #......

Your spell library contained the following spells:

 Spells                   Type           Power        Failure   Level  Hunger
 Throw Frost              Conj/Ice       #.....       12%         2    ###....
 Ozocubu's Armour         Chrm/Ice       #.......     30%         3    ###....
 Throw Icicle             Conj/Ice       #.......     63%         4    #####..
 Summon Ice Beast         Ice/Summ       #.......     69%         4    #####..


Dungeon Overview and Level Annotations

Branches:
Dungeon (1/15)

Altars:


Innate Abilities, Weirdness & Mutations

You cannot wear most types of armour.
You are very stealthy in the water. (Stealth+)
You are amphibious.
You can wear up to eight rings at the same time.
You can use your tentacles to constrict eight enemies at once.
Your skin changes colour to match your surroundings (Stealth+).
Your rubbery body absorbs attacks. (AC +1, EV +1)


Message History

A ball python comes into view.
The ball python hisses angrily.
Found a stone staircase leading down.
You see here 7 needles of sleeping.
The ball python bites you. The ball python misses you.
Casting: Freeze (safe; 5% risk of failure)
Confirm with . or Enter, or press ? or * to list all spells.
Aiming: Freeze (safe; 5% risk of failure)
Press: ? - help, Shift-Dir - straight line, f - ball python
Aim: a ball python You freeze the ball python.
You kill the ball python!
f - 7 needles of sleeping A gnoll comes into view.
It is wielding a +0 halberd.
Found 17 gold pieces and a metallic pink potion.
The helpless gnoll fails to defend itself.
You tentacle-slap the gnoll but do no damage.
Your grab misses the gnoll. The gnoll hits you with a +0 halberd!
Ouch! That really hurt!
You die...

## #...# #.# ##.##.#
#...# #.# ......#
#...# #.#
##.##.####...#####.#
........#...##.....
#$##........##.....
..#........##.....
#g#.....#####.....
###@#.###..# ####.#
#.....# ##.# #.#
#.....# #.#######.#
#.....####..#.......
.....................
###....######.#.####.#
#....# #.........
#....# ##..####.#
#..!.# #..# #.#


You could see a gnoll.

Vanquished Creatures
  A ball python (D:1)
  A bat (D:1)
2 creatures vanquished.

Notes
Turn   | Place    | Note
-------+----------+-------------------------------------------
     0 | D:1      | MisterFreud the Octopode Ice Elementalist began the quest
                  | for the Orb.
     0 | D:1      | Reached XP level 1. HP: 11/11 MP: 3/3
   120 | D:1      | Slain by a gnoll

Vault maps used:
D:1:      onia_arrival_mini_maze

Action                   || total
-------------------------++-------
Melee: Unarmed           ||     2
       Constrict         ||     1
 Cast: Freeze            ||     2
 Stab: Sleeping          ||     2
Armor: Skin              ||     1
Dodge: Dodged            ||     2

Table legend:
 A = Non-vault XP
 B = Vault XP
 C = Vault XP percentage of total XP
 D = Non-vault monster count
 E = Vault monster count
 F = Vault count percentage of total count
                 A         B        C        D         E       F
            +---------+---------+-------+---------+---------+-------
      Total |       4 |       0 |   0.0 |       2 |       0 |   0.0
            +---------+---------+-------+---------+---------+-------
        D:1 |       4 |       0 |   0.0 |       2 |       0 |   0.0
            +---------+---------+-------+---------+---------+-------
